 Seeded DCSS version 0.31-a0-321-g19405a7a6a (webtiles) character file.

Game seed: 14215367866634240820 (custom seed)

4 innerfire43 the Changeling (level 1, 0/16 HPs)
             Began as a Demonspawn Shapeshifter on July 17, 2023.
             Slain by a quokka (2 damage)
             ... on level 1 of the Dungeon.
             The game lasted 00:00:14 (62 turns).

innerfire43 the Changeling (Demonspawn Shapeshifter)  Turns: 62, Time: 00:00:14

Health: 0/16       AC:  2    Str: 15    XL:     1   Next: 58%
Magic:  1/1        EV: 12    Int:  9    God:
Gold:   7          SH:  0    Dex: 13    Spells: 0/0 levels left

rFire   . .          .
                       - Unarmed
rCold   . . .        (no shield)
rNeg    . . .        a - +0 animal skin
rPois   .            (helmet currently unavailable)
rElec   .            (cloak currently unavailable)
rCorr   .            (gloves currently unavailable)
SInv    .            (boots currently unavailable)
Will    .....        (no amulet)
Stlth   +            (no ring)
HPRegen 0.22/turn    (no ring)
MPRegen 0.07/turn

%: no passive effects
@: beast-form
A: beast (slay +1)
a: Begin Untransformation


You were on level 1 of the Dungeon.
You were a hulking beast.
You visited 1 branch of the dungeon, and saw 1 of its levels.

You collected 7 gold pieces.

Inventory:

Armour
 a - a +0 animal skin (worn)
Talismans
 c - a beast talisman
Scrolls
 d - a scroll of enchant weapon {unknown}
Potions
 b - a potion of lignification


   Skills:
 + Level 2.0 Fighting
 + Level 1.8 Dodging
 * Level 1.9 Unarmed Combat
 * Level 2.7 Shapeshifting


You couldn't memorise any spells.
You didn't know any spells.
Your spell library was empty.

Dungeon Overview and Level Annotations

Branches:
Dungeon (1/15)

Altars:


Message History

You kill the rat!
You hear an angry hiss.
The quokka bites you. The goblin hits you with a +0 club.
A jackal comes into view.
The quokka bites you. The quokka attacks as you move away!
The quokka closely misses you. The goblin hits you but does no damage.
The jackal barks!
You hit the goblin.
The goblin is severely wounded.
The goblin closely misses you. The quokka bites you.
A jackal comes into view.
The jackal barks!
You hit the goblin.
You kill the goblin!
A goblin comes into view. It is wielding a +0 club.
The quokka misses you.
You hit the quokka.
The quokka is severely wounded.
The quokka barely misses you.
Unknown command.
You closely miss the quokka.
The quokka is severely wounded.
The jackal closely misses you. The quokka bites you.
A frilled lizard comes into view.
The jackal bites you but does no damage.
You barely miss the quokka.
The quokka is severely wounded.
The frilled lizard hisses angrily.
The quokka bites you.
* * * LOW HITPOINT WARNING * * *
The jackal bites you.
* * * LOW HITPOINT WARNING * * *
The quokka barely misses you.
You barely miss the quokka.
The quokka is severely wounded.
The jackal bites you.
* * * LOW HITPOINT WARNING * * *
The quokka bites you.
You die...

.....#.##...~≈≈#'#'#.####
....#. #....~≈≈≈#...#...
. .l... #..⌠..~≈~'.⌠.'.<.
..##... #..⌠..≈~≈'.⌠.'...
....... #....~≈≈≈#...#...
#...##...~~≈#+###.####
###...hh...≈≈≈+ +...
#.....#rh..~≈≈+ ##+##
...#...hh...~~≈# .
###..#...~≈~≈≈
##.#...~≈≈≈≈ #..$..~~~~≈
##.##.[.... . ......
..... ####


You could see a quokka, 4 jackals and a frilled lizard.

Vanquished Creatures
  A ball python (D:1)
  A goblin (D:1)
  A hobgoblin (D:1)
  A rat (D:1)
4 creatures vanquished.

Notes
Turn   | Place    | Note
-------+----------+-------------------------------------------
     0 | D:1      | innerfire43 the Demonspawn Shapeshifter began the quest for
                  | the Orb.
     0 | D:1      | Reached XP level 1. HP: 16/16 MP: 1/1
    62 | D:1      | Slain by a quokka

Illustrated notes

Levels and vault maps discovered:
D:1:      dpeg_arrival_castle, layout_basic, serial_forest,
          infiniplex_forest_straight_2, infiniplex_forest_straight_3,
          infiniplex_forest_clump_double, infiniplex_forest_lined_1,
          infiniplex_forest_clump_small, infiniplex_forest_straight_2,
          infiniplex_forest_lined_3_way

Action                     || total
---------------------------++-------
  Melee: Unarmed           ||    11
         Punch             ||     1
 Armour: Animal skin       ||     2
  Dodge: Dodged            ||    10

Table legend: (Time is in decaauts)
 A = Elapsed time spent in this place.
 B = Non-inter-level travel time spent in this place.
 C = Inter-level travel time spent in this place.
 D = Time resting spent in this place.
 E = Time spent auto-exploring this place.
 F = Levels seen in this place.
 G = Mean time per level.
                   A        B        C        D        E       F      G
               +--------+--------+--------+--------+--------+-----+--------+
         Total |     63 |     63 |      0 |      0 |     36 |   1 |   63.0 |
       Dungeon |     63 |     63 |      0 |      0 |     36 |   1 |   63.0 |
               +--------+--------+--------+--------+--------+-----+--------+

Top non-repeatable levels by time:
     D:1: 63 daAuts
